Map: Ascension vers Aïur EC

Players

zuka - Winner!

  • Race: Protoss Protoss
  • League: Master
  • Spawn Location: 5:00

iFriT

  • Race: Terran Terran
  • League: Diamond
  • Spawn Location: 11:00

VOD

Have the link to the VOD?

Description

Time

  • Played on: Dec. 22, 2017, 3:09 p.m.
  • Length: 13:45
Show
View Real Time Build Order
Export as new Build Order

zuka Protoss - Winner!

Build Orders: 1 Gate Expand, Colossus Rush 

Get SALT Encoding   

  12  0:01  Probe  
  13  0:13  Probe  
  14  0:17  Pylon  
  14  0:28  Probe (Chrono Boost)  
  16  0:38  Probe (Chrono Boost), Gateway  
  16  0:40  Probe  
  16  0:47  Assimilator  
  17  0:53  Probe (Chrono Boost)  
  19  1:09  Probe (Chrono Boost)  
  19  1:11  Probe (Chrono Boost)  
  20  1:28  Nexus  
  20  1:37  Cybernetics Core  
  20  1:39  Probe  
  21  1:47  Assimilator  
  21  1:51  Probe  
  22  2:03  Probe  
  22  2:04  Pylon  
  23  2:22  Probe  
  26  2:25  Stalker (Chrono Boost)  
  26  2:27  Warp Gate  
  26  2:34  Probe  
  27  2:41  Probe  
  28  2:45  Stalker  
  28  2:46  Probe  
  28  2:50  Robotics Facility  
  31  2:53  Probe  
  32  2:59  Probe (Chrono Boost)  
  35  3:14  Probe (Chrono Boost), Gateway  
  35  3:15  Probe (Chrono Boost)  
  35  3:17  Probe x2 (Chrono Boost), Gateway  
  37  3:29  Shield Battery  
  37  3:31  Probe (Chrono Boost)  
  39  3:35  Probe (Chrono Boost)  
  41  3:44  Probe x3 (Chrono Boost)  
  42  3:51  Robotics Bay  
  42  3:52  Warp Prism  
  42  3:53  Probe  
  45  3:57  Pylon  
  45  4:04  Probe  
  45  4:05  Pylon  
  46  4:14  Assimilator  
  46  4:15  Probe  
  46  4:16  Probe  
  48  4:19  Pylon, Assimilator  
  48  4:27  Probe  
  48  4:30  Stalker x3  
  55  4:38  Disruptor (Chrono Boost)  
  58  4:39  Gravitic Drive (Chrono Boost)  
  58  4:40  Probe  
  58  4:42  Probe  
  60  4:47  Pylon  
  60  4:52  Probe  
  61  5:04  Colossus (Chrono Boost)  
  67  5:14  Probe  
  68  5:15  Probe  
  68  5:18  Nexus  
  68  5:19  Pylon  
  69  5:26  Probe, Extended Thermal Lance  
  69  5:27  Probe  
  71  5:32  Stalker  
  73  5:38  Probe  
  74  5:47  Stalker x2  
  79  5:50  Pylon  
  79  5:52  Forge  
  78  6:08  Probe  
  78  6:09  Colossus (Chrono Boost)  
  86  6:14  Pylon  
  86  6:15  Pylon  
  86  6:18  Stalker  
  88  6:19  Gateway  
  88  6:21  Probe, Gateway  
  88  6:22  Pylon, Probe  
  89  6:36  Stalker x2  
  89  6:37  Protoss Ground Weapons Level 1 (Chrono Boost)  
  89  6:39  Probe  
  94  6:40  Probe  
  94  6:41  Gateway  
  96  6:51  Probe  
  96  6:52  Probe  
  103  6:54  Colossus (Chrono Boost)  
  103  6:58  Probe  
  104  7:03  Probe  
  106  7:12  Pylon  
  106  7:13  Twilight Council  
  106  7:15  Pylon, Probe  
  108  7:21  Stalker x2  
  108  7:22  Pylon, Stalker  
  100  7:42  Stalker x2  
  92  7:48  Probe x3  
  92  7:51  Colossus (Chrono Boost)  
  93  7:53  Pylon  
  99  8:00  Probe x3  
  99  8:01  Blink (Chrono Boost)  
  102  8:09  Photon Cannon  
  102  8:11  Shield Battery  
  102  8:12  Pylon, Probe  
  103  8:13  Probe x2  
  105  8:20  Forge  
  105  8:24  Probe  
  105  8:25  Probe  
  105  8:26  Templar Archives  
  107  8:33  Assimilator  
  107  8:36  Photon Cannon  
  107  8:37  Assimilator  
  107  8:39  Photon Cannon  
  107  8:41  Immortal (Chrono Boost)  
  111  8:47  Zealot x2  
  115  8:49  Zealot  
  115  8:50  Zealot  
  119  9:00  Psionic Storm  
  119  9:01  Photon Cannon  
  119  9:03  Photon Cannon, Shield Battery  
  119  9:08  Protoss Ground Armor Level 1 (Chrono Boost)  
  119  9:17  Protoss Ground Weapons Level 2 (Chrono Boost)  
  119  9:20  High Templar  
  119  9:21  High Templar x2  
  119  9:23  Zealot x2  
  129  9:30  Gateway  
  129  9:46  Immortal (Chrono Boost)  
  129  9:48  Gateway  
  129  9:52  Nexus  
  133  9:53  Charge (Chrono Boost)  
  133  9:57  Gateway  
  133  10:01  Stalker x2  
  133  10:04  Pylon  
  137  10:13  Gateway  
  137  10:15  Gateway  
  137  10:17  Zealot  
  137  10:18  Zealot  
  141  10:25  Archon  
  134  10:29  Zealot  
  134  10:30  Zealot x3  
  96  10:44  Stalker x2  
  96  10:47  Probe x3  
  101  10:59  Probe x2  
  103  11:09  High Templar x4  
  103  11:10  Gateway, High Templar x4  
  119  11:12  Gateway  
  119  11:13  Protoss Ground Armor Level 2 (Chrono Boost), Archon x2  
  119  11:14  Archon x2  
  123  11:18  Immortal (Chrono Boost)  
  123  11:35  Protoss Ground Weapons Level 3 (Chrono Boost)  
  123  11:39  Zealot x3  
  129  11:41  Zealot  
  129  11:42  Zealot x3  
  129  11:45  Zealot x3  
  142  11:48  Stalker  
  141  12:01  Stalker x2  
  140  12:02  Stalker  
  140  12:05  Stalker  
  146  12:15  Probe x4  
  146  12:27  Probe  
  147  12:31  High Templar x2  
  147  12:32  High Templar x2  
  147  12:33  Zealot x2  
  159  12:40  Archon x2  
  159  12:41  Zealot x2  
  159  12:42  Zealot  
  165  12:55  Gateway  
  165  13:07  Stalker  
  165  13:08  Stalker x5  
  165  13:09  Stalker  
  165  13:10  Stalker  
  177  13:27  Zealot x3  
  177  13:30  Zealot  
  177  13:32  Zealot x3  
  177  13:33  Zealot x2  
Show
View Real Time Build Order
Export as new Build Order

iFriT Terran 

Build Orders: MMM Bio 

Get SALT Encoding   

  12  0:00  SCV  
  13  0:13  SCV  
  14  0:17  Supply Depot  
  14  0:25  SCV  
  15  0:39  SCV  
  15  0:40  Barracks  
  16  0:51  SCV  
  17  1:03  SCV  
  18  1:15  SCV  
  18  1:17  Supply Depot  
  19  1:28  Marine  
  19  1:29  Orbital Command  
  20  1:46  Command Center  
  20  1:54  Barracks  
  20  1:55  SCV  
  20  2:00  Marine  
  22  2:08  Refinery  
  22  2:14  SCV  
  23  2:17  Barracks  
  23  2:18  Refinery  
  23  2:20  Marine  
  24  2:26  SCV  
  25  2:34  Supply Depot  
  25  2:39  SCV  
  25  2:40  Marine  
  25  2:41  Barracks Tech Lab  
  27  2:52  SCV  
  27  2:57  Orbital Command  
  28  3:00  Marine  
  28  3:04  Marine  
  30  3:07  Stimpack  
  30  3:12  Marine, Engineering Bay  
  31  3:16  SCV  
  31  3:19  Marine  
  32  3:28  Marine  
  32  3:29  Orbital Command  
  32  3:32  SCV, Factory  
  34  3:35  Marine  
  34  3:38  Marine  
  36  3:45  Missile Turret  
  36  3:46  Marine  
  36  3:47  SCV  
  38  3:56  SCV  
  38  3:57  Marine x2  
  41  4:03  SCV  
  41  4:08  Terran Infantry Weapons Level 1, Supply Depot  
  42  4:12  SCV  
  42  4:16  Marine  
  44  4:18  Refinery  
  44  4:19  SCV  
  44  4:21  Refinery  
  45  4:28  Marine, Starport  
  46  4:31  SCV  
  46  4:32  SCV  
  48  4:38  Barracks Tech Lab  
  48  4:39  Factory Reactor  
  48  4:43  SCV  
  48  4:44  SCV  
  50  4:49  Marine x2, Missile Turret  
  50  4:50  Missile Turret  
  52  4:55  SCV  
  52  4:56  SCV, Supply Depot  
  54  5:00  Marauder  
  54  5:04  Combat Shields  
  56  5:07  Marauder  
  58  5:15  Barracks Tech Lab  
  58  5:18  SCV  
  59  5:22  Medivac x2, Marauder  
  65  5:29  Marauder, SCV  
  65  5:32  Supply Depot  
  65  5:33  SCV  
  69  5:37  Factory Tech Lab  
  69  5:42  Missile Turret  
  69  5:43  Marauder  
  69  5:45  Liberator x2  
  67  5:52  Marauder  
  75  6:10  Marine, Marauder  
  72  6:12  Marine  
  72  6:18  Siege Tank  
  76  6:22  Command Center  
  76  6:25  Terran Infantry Armor Level 1  
  76  6:31  Barracks  
  76  6:32  SCV  
  77  6:34  Barracks  
  77  6:38  SCV  
  78  6:43  Liberator  
  78  6:50  Marauder x2  
  85  7:04  Supply Depot  
  85  7:05  Supply Depot  
  85  7:08  Liberator  
  85  7:12  Supply Depot  
  85  7:13  Supply Depot  
  85  7:28  SCV  
  89  7:30  Marine x2, Marauder  
  82  7:43  Marine  
  82  7:44  Marauder  
  67  7:51  Marauder, Barracks Tech Lab x2  
  67  7:54  Supply Depot x2  
  69  7:58  SCV  
  69  8:00  Supply Depot  
  69  8:01  Marine  
  69  8:03  Siege Tank  
  74  8:07  SCV  
  74  8:12  Marauder x2, Concussive Shells  
  79  8:15  Marauder x2  
  79  8:17  Liberator  
  79  8:18  SCV  
  79  8:19  Marine  
  85  8:20  Planetary Fortress  
  85  8:33  Supply Depot  
  88  8:38  SCV, Supply Depot  
  88  8:40  Marauder x3  
  95  8:56  Marauder x2  
  95  9:00  SCV  
  95  9:01  Marine x2  
  102  9:06  SCV, Armory  
  102  9:07  Engineering Bay, Siege Tank, Supply Depot  
  102  9:08  SCV  
  107  9:14  SCV  
  107  9:17  Marauder  
  110  9:18  Marauder  
  110  9:19  Liberator x2, Missile Turret  
  110  9:21  Marauder x2  
  110  9:23  SCV  
  117  9:32  SCV  
  117  9:37  SCV  
  125  9:45  Marine x2, Marauder  
  129  9:46  Marauder  
  131  10:01  SCV  
  132  10:12  SCV  
  133  10:28  SCV  
  123  10:31  Liberator x2  
  123  10:32  SCV  
  123  10:33  SCV  
  123  10:35  Marauder  
  104  10:36  Marine x2, Marauder x2  
  104  10:40  SCV  
  93  10:48  Siege Tank  
  93  10:49  Terran Infantry Weapons Level 2, Terran Infantry Armor Level 2  
  100  10:52  SCV  
  100  10:54  Marine, Refinery x2  
  99  10:58  Marauder  
  99  10:59  Marauder x2  
  99  11:00  Marauder  
  99  11:02  Terran Ship Weapons Level 1  
  99  11:04  Supply Depot  
  107  11:19  Starport, Marauder  
  107  11:21  Siege Tank  
  107  11:24  SCV  
  113  11:27  Command Center  
  113  11:28  Marine x2, Marauder  
  113  11:29  Marauder  
  113  11:30  Ghost Academy  
  119  11:38  Medivac x2  
  123  11:40  Supply Depot  
  123  11:42  Marauder  
  123  11:43  SCV  
  123  11:47  Marauder  
  128  11:52  Marauder  
  130  12:05  Marauder x2  
  130  12:06  Starport Reactor  
  130  12:07  Ghost x2  
  138  12:08  SCV  
  138  12:09  Supply Depot  
  136  12:17  Medivac x2  
  136  12:20  SCV  
  141  12:27  Refinery  
  141  12:28  Refinery  
  138  12:32  Liberator x2  
  138  12:33  Siege Tank  
  138  12:36  Supply Depot  
  141  12:38  Ghost  
  141  12:39  Ghost  
  141  12:40  Supply Depot  
  151  12:52  SCV  
  151  12:56  SCV  
  153  12:58  Supply Depot  
  153  13:02  Marauder  
  138  13:30  SCV  
Tags
 
Add a new tag
Caveats
  • Supply blocks, unpowered buildings, or Contaminate may cause inaccurate times.
  • Supply counts are checked every 10 seconds.